 Dungeon Crawl Stone Soup version 0.31-a0-198-g2ad674f65e (webtiles) character file.

Game seed: 15340572683895446843

44 qw the Shooter (level 3, 0/20 HPs)
             Began as a Deep Elf Hunter on June 25, 2023.
             Succumbed to an adder's poison
             ... on level 2 of the Dungeon.
             The game lasted 00:00:16 (714 turns).

qw the Shooter (Deep Elf Hunter)                     Turns: 714, Time: 00:00:16

Health: 0/20       AC:  6    Str: 10    XL:     3   Next: 39%
Magic:  5/5        EV: 11    Int: 13    God:
Gold:   51         SH:  0    Dex: 18    Spells: 2/2 levels left

rFire   . . .        Y - +1 shortbow
rCold   . . .        (shield currently unavailable)
rNeg    . . .        b - +0 ring mail
rPois   .            (no helmet)
rElec   .            (no cloak)
rCorr   .            d - +0 pair of gloves
SInv    .            (no boots)
Will    .....        (no amulet)
Stlth   +            (no ring)
HPRegen 0.23/turn    (no ring)
MPRegen 0.09/turn

%: no passive effects
@: lethally poisoned (0 -> -3)
A: no striking features
a: no special abilities


You were on level 2 of the Dungeon.
You visited 1 branch of the dungeon, and saw 2 of its levels.

You collected 51 gold pieces.


   Skills:
 - Level 1.5 Fighting
 + Level 7.0 Ranged Weapons
 - Level 2.4 Dodging
 - Level 1.2 Stealth


You had 2 spell levels left.
You didn't know any spells.
Your spell library was empty.

Inventory:

Hand Weapons
 Y - a +1 shortbow (weapon)
Armour
 b - a +0 ring mail (worn)
 d - a +0 pair of gloves (worn)
Jewellery
 a - a ring of magical power
Scrolls
 c - a scroll of identify {unknown}
Potions
 f - a potion of lignification {unknown}

Dungeon Overview and Level Annotations

Branches:
Dungeon (2/15)

Altars:


Message History

The frilled lizard is moderately wounded.
The quokka bites you but does no damage.
The frilled lizard bites you but does no damage.
You shoot an arrow.
The arrow barely misses the frilled lizard.
The quokka bites you but does no damage.
The frilled lizard barely misses you. The quokka misses you.
You shoot an arrow.
The arrow hits the frilled lizard but does no damage.
The frilled lizard is moderately wounded.
The quokka bites you. The frilled lizard closely misses you.
You shoot an arrow. The arrow misses the frilled lizard.
The quokka misses you. The frilled lizard barely misses you.
The goblin hits you but does no damage. The quokka closely misses you.
You shoot an arrow. The arrow hits the frilled lizard!
You kill the frilled lizard!
The goblin barely misses you. The quokka completely misses you.
The goblin hits you with a +0 dagger.
You shoot an arrow. The arrow hits the goblin.
The goblin is moderately wounded.
The quokka bites you. x2; The goblin closely misses you.
You shoot an arrow. The arrow barely misses the goblin.
The quokka bites you. The goblin barely misses you.
You shoot an arrow. The arrow hits the goblin!
You kill the goblin!
The quokka bites you. x2; The adder bites you but does no damage.
You shoot an arrow. The arrow barely misses the adder.
The quokka barely misses you. The adder closely misses you.
You shoot an arrow. The arrow hits the adder!
The adder is almost dead.
The quokka barely misses you. The adder bites you.
You are lethally poisoned!
The adder poisons you! The quokka closely misses you.
The adder barely misses you.
You shoot an arrow. The arrow hits the adder.
You kill the adder!
You feel sick. The quokka misses you.
Your Ranged Weapons skill increases to level 7!
You shoot an arrow. The arrow barely misses the endoplasm.
You die...

... #.......##
#..##......... .
...#.......# ..
#........# ...
#........# ...
#......# .# #.?
#......# .#
#..l###......###.#
#.r@...###.....#
#..J##.## ###.#.#
#... #.# #.#.#.#
#... #.####.#.#.#
#... ...........#
#... .#####.#.###
#....# #.#.#######
#....
###.........#
#(....#####.#


You could see an endoplasm, a quokka and a frilled lizard.

Vanquished Creatures
  2 adders (D:2)
  2 dart slugs
  2 endoplasms (D:1)
  A giant cockroach (D:2)
  A goblin (D:2)
  3 jackals (D:1)
  2 kobolds
  A quokka (D:2)
  2 ball pythons (D:1)
  5 frilled lizards
  A rat (D:2)
22 creatures vanquished.

Notes
Turn   | Place    | Note
-------+----------+-------------------------------------------
     0 | D:1      | qw the Deep Elf Hunter began the quest for the Orb.
     0 | D:1      | Reached XP level 1. HP: 12/12 MP: 3/3
     0 | D:1      | 0 ||| qw: Version: 0.3-a-22-g0ed2b0b
     0 | D:1      | 0 ||| qw: Game counter: 5377
     0 | D:1      | 0 ||| qw: Melee chars always use a shield: true
     0 | D:1      | 0 ||| qw: God list: Okawaru
     0 | D:1      | 0 ||| qw: Allow faded altars: false
     0 | D:1      | 0 ||| qw: Do Orc after clearing Dungeon:15 true
     0 | D:1      | 0 ||| qw: Do second Lair branch before Depths: true
     0 | D:1      | 0 ||| qw: Lair rune preference: random
     0 | D:1      | 0 ||| qw: Goals: Normal
     0 | D:1      | 0 ||| PLANNING D:1-11
   156 | D:1      | You fall into a shaft and drop 1 floor!
   157 | D:2      | 157 ||| UPGRADING to +0 pair of gloves.
   162 | D:2      | 162 ||| DROPPING scroll of butterflies.
   255 | D:1      | Reached skill level 6 in Ranged Weapons
   255 | D:1      | Reached XP level 2. HP: 16/16 MP: 4/4
   573 | D:1      | 573 ||| UPGRADING to +0 ring mail.
   583 | D:1      | 583 ||| DROPPING +0 leather armour.
   584 | D:1      | 584 ||| READING scroll labelled SEPLAE ZEAREMN.
   589 | D:1      | 589 ||| READING scroll labelled UKHIUG REIFIYT.
   651 | D:2      | Reached XP level 3. HP: 20/20 MP: 5/5
   710 | D:2      | HP: 3/20 [quokka (3)]
   713 | D:2      | HP: 1/20 [poisoned by an adder]
   714 | D:2      | Reached skill level 7 in Ranged Weapons
   714 | D:2      | Succumbed to an adder's poison

Levels and vault maps discovered:
D:1:      dpeg_arrival_leaves_temple_mockup, layout_basic
D:2:      layout_basic, minmay_vboxes

Skill      XL: |  1  2  3 |
---------------+----------+-----
Ranged Weapons | 6 7 |  7.0
Fighting       | |  1.5
Dodging        | |  2.4
Stealth        | |  1.2

Action                     || total
---------------------------++-------
   Fire: Shortbow          ||    53
    Use: Scroll            ||     2
 Armour: Ring mail         ||     6
  Dodge: Dodged            ||    20

Table legend:
 A = Non-vault XP
 B = Vault XP
 C = Vault XP percentage of total XP
 D = Non-vault monster count
 E = Vault monster count
 F = Vault count percentage of total count
                 A         B        C        D         E       F
            +---------+---------+-------+---------+---------+-------
      Total |      46 |      17 |  27.0 |      18 |       4 |  18.2
            +---------+---------+-------+---------+---------+-------
        D:1 |      23 |       0 |   0.0 |      13 |       0 |   0.0
        D:2 |      23 |      17 |  42.5 |       5 |       4 |  44.4
            +---------+---------+-------+---------+---------+-------
